 Dungeon Crawl Stone Soup version 0.24-a0-525-g9231cdc (webtiles) character file.

Game seed: 5829243388260499204

3751 Alphaeus the Covert (level 9, -9/45 HPs)
             Began as a Spriggan Fighter on Aug 4, 2019.
             Was an Initiate of Gozag.
             Mangled by a hornet (11 damage)
             ... while paralysed by a hornet
             ... on level 9 of the Dungeon.
             The game lasted 00:14:10 (12327 turns).

Alphaeus the Covert (Spriggan Fighter)             Turns: 12327, Time: 00:14:10

Health: -9/45      AC:  3    Str: 15    XL:     9   Next: 93%
Magic:  4/10       EV:  4    Int: 10    God:    Gozag
Gold:   815        SH:  0    Dex: 17    Spells: 8/8 levels left

rFire    . . .     SeeInvis +   a - +2 rapier (pierce)
rCold    . . .     Gourm    .   c - +0 buckler
rNeg     . . .     Faith    .   b - +0 robe
rPois    +         Spirit   .   (helmet restricted)
rElec    .         Reflect  .   B - +0 cloak
rCorr    .         Harm     .   (gloves unavailable)
MR       +....                  (boots unavailable)
Stlth    +++++.....             (no amulet)
HPRegen  0.15/turn              e - ring of poison resistance
MPRegen  0.12/turn              k - +2 ring of dexterity

@: paralysed, gold aura, slowed, very quick
A: very small, unfitting armour, see invisible, herbivore, speed 3, slow
metabolism 2
a: Potion Petition, Call Merchant, Bribe Branch, Renounce Religion


You were on level 9 of the Dungeon.
You worshipped Gozag.
Gozag was pleased with you.
You were near starving.

You visited 1 branch of the dungeon, and saw 9 of its levels.
You also visited: Ossuary.

You collected 1618 gold pieces.
You spent 786 gold pieces at shops.
You paid 17 gold pieces to Gozag.

Inventory:

Hand Weapons
 a - a +2 rapier of piercing (weapon)
Armour
 b - a +0 robe (worn)
 c - a +0 buckler (worn)
 B - a +0 cloak (worn)
Jewellery
 e - a ring of poison resistance (left hand)
 k - a +2 ring of dexterity (right hand)
Wands
 o - a wand of disintegration (11)
 G - a wand of iceblast (8)
Scrolls
 g - 5 scrolls of remove curse
 h - 7 scrolls of teleportation
 m - 4 scrolls of random uselessness {unknown}
 n - a scroll of identify
 p - a scroll of immolation {unknown}
 r - 3 scrolls of amnesia {unknown}
 s - 2 scrolls of blinking {unknown}
 t - 3 scrolls of fog {unknown}
 v - 3 scrolls of fear {unknown}
 y - 2 scrolls of enchant armour
 C - 2 scrolls of magic mapping
Potions
 d - 2 potions of might
 i - a potion of invisibility
 j - 9 potions of curing
 l - a potion of magic
 q - 2 potions of mutation
 u - 4 potions of haste
 w - 2 potions of agility {unknown}
 x - a potion of flight
 z - a potion of degeneration {unknown}
 A - 2 potions of resistance {unknown}
 D - a potion of ambrosia
 E - a potion of berserk rage {unknown}
 F - 2 potions of heal wounds
Comestibles
 f - 6 rations


   Skills:
 + Level 4.1 Fighting
 * Level 6.8 Short Blades
 - Level 4.5 Dodging
 - Level 11.5 Stealth
 * Level 7.7 Shields


You had 8 spell levels left.
You didn't know any spells.
Your spell library was empty.

Dungeon Overview and Level Annotations

Branches:
Dungeon (9/15)             Temple (0/1) D:5
   Lair: D:8-11         Orc: D:9-12

Altars:
Dithmenos
Elyvilon
Fedhas
Gozag
Hepliaklqana
Nemelex Xobeh
Qazlal
Ru
Trog
Zin
The Shining One

Shops:
D:4 }   D:5 ?

Annotations:
D:9 Psyche


Innate Abilities, Weirdness & Mutations

You are very small and have problems with some larger weapons.
You are too small for most types of armour.
You have supernaturally acute eyesight. (SInv)
You are a herbivore.
You cover ground extremely quickly.
You need to consume almost no food.


Message History

The hornet misses you.
You hit Psyche.
Psyche is lightly wounded.
The hornet misses you. The orc completely misses you.
Psyche closely misses you.
You barely miss Psyche.
Psyche is lightly wounded.
The hornet stings you!
You suddenly lose the ability to move!
Psyche hits you but does no damage. The orc barely misses you.
The hornet stings you!
* * * LOW HITPOINT WARNING * * *
You feel yourself slow down.
Psyche hits you with a +0 dagger of chaos!
* * * LOW HITPOINT WARNING * * *
You feel your power leaking away. The orc hits you.
* * * LOW HITPOINT WARNING * * *
The hornet stings you!
You die...
Your body crumbles into a pile of gold.

...... ###.....
#.... ###..
##....... .....
#....
.......##......
...#>.
#..........#...
### #.............
# ### #...........
....#.$oy.....#
.......@......# .
......@......#...
.............#...
.....
.......##........
....
......##.....?...
... ....##
#..###..... ....
...#
###.###....###.# .
###
#.....#........ #
##............####


You could see Psyche, a hornet and an orc.

Vanquished Creatures
  A troll (D:9)
  Sigmund (D:4)
  A hungry ghost (D:8)
  4 ice beasts
  A black bear (D:8)
  3 ogres
  An orc warrior (D:8)
  5 phantoms
  A big kobold (D:8)
  2 bullfrogs
  A gnoll sergeant (D:8)
  4 water moccasin zombies (Ossuary)
  A water moccasin skeleton (D:8)
  5 scorpions
  6 crimson imps
  A howler monkey (D:5)
  A bullfrog zombie (D:9)
  4 hounds
  2 jellies
  3 orc wizards
  2 iguanas
  7 worker ants
  5 big kobold zombies (Ossuary)
  3 hound skeletons
  3 mummies
  5 gnolls
  10 adders
  8 adder zombies (Ossuary)
  4 adder skeletons
  3 worms
  3 dart slugs
  6 leopard geckos
  13 orcs
  A ball python (D:2)
  5 giant cockroaches
  11 hobgoblins
  8 jackals
  7 quokkas
  3 bats
  3 frilled lizards
  4 gnoll zombies (Ossuary)
  13 goblins
  A jackal zombie (D:5)
  11 kobolds
  7 kobold zombies
  4 orc zombies
  23 rats
221 creatures vanquished.

Notes
Turn   | Place    | Note
-------+----------+-------------------------------------------
     0 | D:1      | Alphaeus the Spriggan Fighter began the quest for the Orb.
     0 | D:1      | Reached XP level 1. HP: 11/11 MP: 2/2
   136 | D:1      | Reached skill level 1 in Stealth
   158 | D:1      | Reached XP level 2. HP: 16/16 MP: 3/3
   457 | D:1      | Reached skill level 2 in Stealth
   869 | D:1      | Reached XP level 3. HP: 19/19 MP: 4/4
  1041 | D:2      | Found an opulent altar of Gozag.
  1050 | D:2      | Reached skill level 3 in Stealth
  1091 | D:2      | Became a worshipper of Gozag Ym Sagoz the Greedy
  1402 | D:2      | Reached XP level 4. HP: 23/23 MP: 5/5
  1612 | D:2      | Reached skill level 4 in Stealth
  2098 | D:3      | Noticed an earth elemental
  2100 | D:3      | Found a stormy altar of Qazlal.
  2101 | D:3      | Noticed an air elemental
  2101 | D:3      | Noticed a water elemental
  2101 | D:3      | Noticed a fire elemental
  2397 | D:3      | Found a glowing golden altar of the Shining One.
  2467 | D:3      | Found a blossoming altar of Fedhas.
  2819 | D:3      | Reached XP level 5. HP: 27/27 MP: 6/6
  2941 | D:4      | Reached skill level 5 in Stealth
  3881 | D:4      | Noticed an ogre
  3891 | D:4      | Reached skill level 6 in Stealth
  4236 | D:4      | Reached XP level 6. HP: 27/32 MP: 7/7
  4474 | D:4      | Noticed Sigmund
  4560 | D:4      | HP: 1/32 [Sigmund/puff of flame (10)]
  4576 | D:4      | Killed Sigmund
  4576 | D:4      | Reached skill level 7 in Stealth
  4744 | D:4      | Reached XP level 7. HP: 35/35 MP: 8/8
  4980 | D:4      | Found Wipputics's Gadget Boutique.
  5081 | D:5      | Entered Level 5 of the Dungeon
  5111 | D:5      | Reached skill level 8 in Stealth
  5214 | D:5      | Found a sand-covered staircase.
  5220 | Ossuary  | Entered an ossuary
  6016 | Ossuary  | Reached skill level 9 in Stealth
  6016 | Ossuary  | Reached skill level 5 in Shields
  6856 | D:5      | Found Zeuneno's Magic Scroll Shop.
  6863 | D:5      | Bought a scroll of enchant armour for 112 gold pieces
  6863 | D:5      | Bought a scroll of brand weapon for 300 gold pieces
  6863 | D:5      | Bought a scroll of remove curse for 45 gold pieces
  6863 | D:5      | Bought a scroll of teleportation for 45 gold pieces
  6863 | D:5      | Bought a scroll of magic mapping for 52 gold pieces
  6863 | D:5      | Bought a scroll of enchant weapon for 112 gold pieces
  6863 | D:5      | Bought a scroll of identify for 30 gold pieces
  6996 | D:5      | Found a staircase to the Ecumenical Temple.
  7041 | D:5      | Reached skill level 10 in Stealth
  7041 | D:5      | Reached XP level 8. HP: 16/39 MP: 9/9
  8401 | D:6      | Reached skill level 11 in Stealth
  9134 | D:7      | Found Zin's Purification Station.
  9139 | D:7      | Found a glowing silver altar of Zin.
  9142 | D:7      | Bought a potion of curing for 90 gold pieces
  9231 | D:7      | Reached XP level 9. HP: 16/43 MP: 10/10
 10445 | D:8      | Reached skill level 5 in Short Blades
 11152 | D:8      | Found a sparkling altar of Nemelex Xobeh.
 11152 | D:8      | Found a bloodstained altar of Trog.
 11308 | D:8      | Found a hazy altar of Hepliaklqana.
 11310 | D:8      | Found a shadowy altar of Dithmenos.
 11312 | D:8      | Found a sacrificial altar of Ru.
 11548 | D:9      | Found a white marble altar of Elyvilon.
 11734 | D:9      | Noticed a troll
 11741 | D:9      | Killed a troll
 12310 | D:9      | Noticed Psyche
 12326 | D:9      | Paralysed by a hornet for 2 turns
 12327 | D:9      | HP: 2/45 [orc (2)]
 12327 | D:9      | Mangled by a hornet

Levels and vault maps discovered:
D:1:      grunt_arrival_lava_bath, layout_loops_ring, minmay_rat_gold_closets
D:2:      layout_loops_ring, nicolae_gozag_seed_capital
D:3:      layout_basic, tso_oasis_becter, nicolae_qazlal_style_of_elements,
          fedhas_altar_fruit_tree
D:4:      layout_loops_corners, first_ration, serial_shops,
          kennysheep_mini_moat, minmay_distorted, uniq_sigmund
D:5:      layout_loops_corners, minmay_temple_entry_large_hall,
          nicolae_ossuary_entry_giza, serial_shops, shop_fountains
D:6:      layout_loops_corners
D:7:      layout_basic, zin_purify
D:8:      layout_basic, chequers_temple_overflow_minitemple
D:9:      layout_cave_pools, lemuel_crystal_altar, hangedman_pestilent_swarm,
          uniq_psyche

Skill      XL: |  1  2  3  4  5  6  7  8  9 |
---------------+----------------------------+-----
Stealth        | 1 2 3 4 6 7 10 11 | 11.5
Shields        | 3 4 5 6 7 |  7.7
Short Blades   | 3 6 |  6.8
Fighting       | 4 |  4.1
Dodging        | |  4.5

Action                   |  1- 3 |  4- 6 |  7- 9 || total
-------------------------+-------+-------+-------++-------
Melee: Rapier            |   124 |   286 |   566 ||   976
  Use: Potion            |       |    10 |     2 ||    12
       Scroll            |       |       |     8 ||     8
 Stab: Sleeping          |    10 |    14 |    37 ||    61
       Distracted        |       |       |     1 ||     1
  Eat: Ration            |       |     1 |     4 ||     5
Armor: Robe              |     6 |    13 |    38 ||    57
Dodge: Dodged            |    80 |   166 |   355 ||   601
Block: Buckler           |    32 |    86 |   169 ||   287

Table legend:
 A = Non-vault XP
 B = Vault XP
 C = Vault XP percentage of total XP
 D = Non-vault monster count
 E = Vault monster count
 F = Vault count percentage of total count
                 A         B        C        D         E       F
            +---------+---------+-------+---------+---------+-------
      Total |    4543 |     816 |  15.2 |     176 |      44 |  20.0
            +---------+---------+-------+---------+---------+-------
        D:1 |      36 |       8 |  18.2 |      21 |       8 |  27.6
        D:2 |      81 |       0 |   0.0 |      24 |       0 |   0.0
        D:3 |     142 |       0 |   0.0 |      33 |       0 |   0.0
        D:4 |     213 |     289 |  57.6 |      12 |       2 |  14.3
        D:5 |     391 |      18 |   4.4 |      17 |       3 |  15.0
        D:6 |     641 |       0 |   0.0 |      15 |       0 |   0.0
        D:7 |     915 |       0 |   0.0 |      18 |       0 |   0.0
        D:8 |    1555 |       0 |   0.0 |      26 |       0 |   0.0
        D:9 |     569 |       0 |   0.0 |      10 |       0 |   0.0
    Ossuary |       0 |     501 | 100.0 |       0 |      31 | 100.0
            +---------+---------+-------+---------+---------+-------
